 Dungeon Crawl Stone Soup version 0.29.0-4-gdea44cf6ec (webtiles) character file.

Game seed: 11801991779787705967

155 qw the Ruffian (level 5, -23/50 HPs)
             Began as a Troll Cinder Acolyte on Aug 31, 2022.
             Was a High Priest of Ignis.
             Annihilated by an ogre
             ... wielding a +0 giant club
              (25 damage)
             ... on level 4 of the Dungeon.
             The game lasted 00:01:10 (2374 turns).

qw the Ruffian (Troll Cinder Acolyte)               Turns: 2374, Time: 00:01:11

Health: -23/50     AC: 11    Str: 24    XL:     5   Next: 14%
Magic:  5/5        EV:  9    Int: 10    God:    Ignis [*****.]
Gold:   131        SH:  0    Dex:  5    Spells: 6/6 levels left

rFire   + + .      SeeInvis .     - Unarmed
rCold   . . .      Faith    .   (no shield)
rNeg    . . .      Spirit   .   a - +0 robe
rPois   .          Reflect  .   (helmet restricted)
rElec   .          Harm     .   (no cloak)
rCorr   .          Rampage  .   (gloves unavailable)
Will    .....                   (boots unavailable)
Stlth   +.........              (no amulet)
HPRegen 0.96/turn               j - ring of protection from fire
MPRegen 0.09/turn               (no ring)

@: fiery-armoured
A: large, unfitting armour, claws 3, regeneration 1, shaggy fur 1, tough skin 1
a: Renounce Religion, Fiery Armour, Foxfire Swarm, Rising Flame


You were on level 4 of the Dungeon.
You worshipped Ignis.
Ignis was extremely pleased with you.
You visited 1 branch of the dungeon, and saw 4 of its levels.

You collected 131 gold pieces.


Innate Abilities, Weirdness & Mutations

You are too large for most types of armour.
You have claws for hands.
Your natural rate of healing is unusually fast.
You are covered in fur. (AC +1)
You have tough skin. (AC +1)


   Skills:
 - Level 2.4 Fighting
 - Level 1.1 Throwing
 + Level 5.6 Unarmed Combat
 - Level 1.0 Spellcasting
 - Level 2.1 Fire Magic


You had 6 spell levels left.
You didn't know any spells.
Your spell library contained the following spells:

 Spells                   Type           Power      Damage    Failure   Level
 Scorch                   Fire           8%         2d5       22%         2

Inventory:

Missiles
 i - 3 large rocks (quivered)
Armour
 a - a +0 robe (worn)
Jewellery
 j - a ring of protection from fire (left claw)
 l - a ring of ice
Scrolls
 Y - a scroll of identify
Potions
 b - a potion of haste
 d - a potion of curing
 e - a potion of ambrosia {unknown}
 f - a potion of might {unknown}
 g - a potion of brilliance {unknown}
 k - a potion of degeneration {unknown}
 n - a potion of lignification {unknown}

Dungeon Overview and Level Annotations

Branches:
Dungeon (4/15)
 Temple: D:4-7

Altars:
Zin

Shops:
D:2 !


Message History

The giant cockroach barely misses you. The ufetubus barely misses you.
The ufetubus hits you but does no damage.
You barely miss the ogre.
The ufetubus hits you but does no damage.
The ufetubus hits you.
The giant cockroach bites you but does no damage.
The ogre closely misses you.
You scratch the ogre.
The ogre is moderately wounded.
The ufetubus barely misses you.
The ufetubus hits you but does no damage.
The giant cockroach barely misses you. The ufetubus hits you. x2
You claw the ogre! You claw the ogre.
The ogre is heavily wounded.
The giant cockroach bites you but does no damage.
The ufetubus hits you but does no damage.
The ufetubus hits you. The ogre hits you with a +0 giant club!
2372 ||| INVOKING Fiery Armour.
A protective cloak of flame settles atop you.
The ufetubus hits you but does no damage.
The ufetubus misses you. The giant cockroach barely misses you.
The ufetubus closely misses you.
The ufetubus hits you but does no damage.
The ufetubus is burned terribly!
The ufetubus is burned by your cloak of flames.
You kill the ufetubus!
You scratch the ogre.
The ogre is almost dead.
The giant cockroach bites you.
The giant cockroach is burned by your cloak of flames.
The giant cockroach is severely wounded.
The ogre hits you with a +0 giant club!!
The ogre is burned by your cloak of flames.
The ogre is almost dead.
You scratch the ogre.
The ogre is almost dead.
The giant cockroach barely misses you.
The ogre hits you with a +0 giant club!!
Ouch! That really hurt!
You die...

###########
#..........
#..######## .. ##.##
...# #..##
.....###..##########
#>.<............#
#######......@O.#
##.....B.......
#.#......#####
#.....##..!.
#.###..#.#.(. ...#
##...##.(. ###..
##.. ##. #.# ..


You could see an ogre and a giant cockroach.

Vanquished Creatures
  Ijyb (D:3)
  6 adders
  An ufetubus (D:4)
  3 dart slugs
  3 orcs (D:3)
  12 ball pythons
  3 endoplasms
  2 giant cockroaches
  5 hobgoblins
  3 jackals (D:1)
  4 kobolds
  2 quokkas (D:1)
  8 bats
  5 frilled lizards
  3 goblins (D:2)
  A rat (D:1)
62 creatures vanquished.

Vanquished Creatures (others)
  6 plants (D:2)
  14 withered plants (D:2)
20 creatures vanquished.

Grand Total: 82 creatures vanquished

Notes
Turn   | Place    | Note
-------+----------+-------------------------------------------
     0 | D:1      | qw the Troll Cinder Acolyte began the quest for the Orb.
     0 | D:1      | Reached XP level 1. HP: 22/22 MP: 1/1
     0 | D:1      | 0 ||| qw: Version: 0.1-a-97-g2dd2ca4
     0 | D:1      | 0 ||| qw: Game counter: 4606
     0 | D:1      | 0 ||| qw: Always use a shield: true
     0 | D:1      | 0 ||| qw: God list: Okawaru
     0 | D:1      | 0 ||| qw: Allow faded altars: false
     0 | D:1      | 0 ||| qw: Do Orc after D:15 true
     0 | D:1      | 0 ||| qw: Do second Lair branch before Depths: true
     0 | D:1      | 0 ||| qw: Lair rune preference: random
     0 | D:1      | 0 ||| qw: Plans: Normal
     0 | D:1      | 0 ||| PLANNING D:1-11
   130 | D:1      | Reached XP level 2. HP: 29/29 MP: 2/2
   225 | D:1      | 225 ||| Stepping ~*~*~tactically~*~*~ (stealth).
   252 | D:1      | 252 ||| Stepping ~*~*~tactically~*~*~ (hiding).
   253 | D:1      | 253 ||| Stepping ~*~*~tactically~*~*~ (hiding).
   297 | D:1      | Reached skill level 4 in Unarmed Combat
   599 | D:1      | Reached XP level 3. HP: 35/36 MP: 3/3
   663 | D:1      | 663 ||| READING scroll labelled UJYREE XOKO.
   664 | D:1      | 664 ||| READING scroll labelled FEROSU HIUWONU.
   765 | D:1      | 765 ||| READING scroll labelled FUGICITS BAEDI.
   833 | D:2      | Found Ixto Upt's Distillery.
   838 | D:2      | 838 ||| SHOPLISTING potion of heal wounds (55 gold, have
                  | 24).
   838 | D:2      | 838 ||| SHOPLISTING potion of mutation (88 gold, have 24).
   838 | D:2      | 838 ||| SHOPLISTING potion of resistance (110 gold, have
                  | 24).
  1096 | D:2      | Found a faded altar of an unknown god.
  1209 | D:2      | 1209 ||| Stepping ~*~*~tactically~*~*~ (stealth).
  1230 | D:2      | 1230 ||| INVOKING Fiery Armour.
  1468 | D:2      | 1468 ||| UPGRADING to ring of protection from fire.
  1469 | D:2      | 1469 ||| READING scroll labelled HAKKAZ LIOXEO.
  1470 | D:2      | 1470 ||| READING 2 scrolls labelled QIFIDUSAGI.
  1471 | D:2      | 1471 ||| DRINKING 2 grey potions.
  1472 | D:2      | 1472 ||| DROPPING scroll of fear.
  1559 | D:3      | Reached XP level 4. HP: 44/44 MP: 4/4
  1567 | D:3      | 1567 ||| Stepping ~*~*~tactically~*~*~ (stealth).
  1570 | D:3      | 1570 ||| Stepping ~*~*~tactically~*~*~ (stealth).
  1658 | D:3      | Reached skill level 1 in Throwing
  1709 | D:3      | Noticed Ijyb
  1710 | D:3      | 1710 ||| FLEEEEING.
  1720 | D:3      | 1720 ||| INVOKING Fiery Armour.
  1723 | D:3      | Killed Ijyb
  1724 | D:3      | Reached skill level 5 in Unarmed Combat
  1822 | D:3      | Found a glowing silver altar of Zin.
  2216 | D:3      | Reached XP level 5. HP: 50/50 MP: 5/5
  2320 | D:3      | 2320 ||| READING scroll labelled AJAUST SIYSCHA.
  2321 | D:3      | 2321 ||| READING 3 scrolls labelled YSTESU VIPLO.
  2322 | D:3      | 2322 ||| DRINKING 2 glowing purple potions.
  2323 | D:3      | 2323 ||| READING 2 scrolls of identify.
  2323 | D:3      | 2323 ||| IDENTIFYING bubbling red potion
  2324 | D:3      | 2324 ||| DROPPING potion of flight.
  2361 | D:4      | Noticed an ogre
  2372 | D:4      | 2372 ||| INVOKING Fiery Armour.
  2373 | D:4      | HP: 2/50 [ogre/+0 giant club (22)]
  2374 | D:4      | Annihilated by an ogre

Levels and vault maps discovered:
D:1:      giann_forest_graveyard, layout_loops_ring
D:2:      layout_loops_ring, serial_shops, shop,
          shapermc_ecumenical_altar_flowoftime, minmay_shallow_snake_nest
D:3:      layout_basic, zin_statuary, minmay_misc_feat_four_crosses, uniq_ijyb
D:4:      layout_rooms, minmay_temple_entry_statues, uniq_blork_the_orc

Skill      XL: |  1  2  3  4 |
---------------+-------------+-----
Unarmed Combat | 4 5 |  5.6
Throwing       | 1 |  1.1
Fighting       | |  2.4
Spellcasting   | |  1.0
Fire Magic     | |  2.1

Action                   |  1- 3 |  4- 6 || total
-------------------------+-------+-------++-------
Melee: Unarmed           |    98 |    55 ||   153
       Punch             |     2 |     1 ||     3
Throw: Large rock        |     2 |    16 ||    18
Invok: Fiery Armour      |     1 |     2 ||     3
  Use: Scroll            |     5 |     3 ||     8
       Potion            |     1 |     1 ||     2
Armor: Robe              |    35 |    25 ||    60
Dodge: Dodged            |    48 |    31 ||    79

Table legend:
 A = Non-vault XP
 B = Vault XP
 C = Vault XP percentage of total XP
 D = Non-vault monster count
 E = Vault monster count
 F = Vault count percentage of total count
                 A         B        C        D         E       F
            +---------+---------+-------+---------+---------+-------
      Total |     164 |      58 |  26.1 |      54 |       8 |  12.9
            +---------+---------+-------+---------+---------+-------
        D:1 |      42 |       0 |   0.0 |      23 |       0 |   0.0
        D:2 |      32 |      22 |  40.7 |      13 |       7 |  35.0
        D:3 |      66 |      36 |  35.3 |      15 |       1 |   6.2
        D:4 |      24 |       0 |   0.0 |       3 |       0 |   0.0
            +---------+---------+-------+---------+---------+-------
